Map: Waterfall

Players

Who

  • Race: Terran Terran
  • League: Silver
  • Spawn Location: 1:00

Colde - Winner!

  • Race: Terran Terran
  • League: Silver
  • Spawn Location: 7:00

VOD

Have the link to the VOD?

Description

Time

  • Played on: Nov. 1, 2022, 10:40 p.m.
  • Length: 24:20
Show
View Real Time Build Order
Export as new Build Order

Who Terran 

Build Orders:  

Get SALT Encoding   

  12  0:00  SCV  
  13  0:18  Supply Depot  
  13  0:19  SCV  
  14  0:31  SCV  
  15  0:41  Barracks  
  15  0:43  SCV  
  16  0:50  Refinery  
  16  0:55  SCV  
  17  0:58  Refinery  
  17  1:07  SCV  
  18  1:19  SCV  
  19  1:29  Supply Depot  
  19  1:32  SCV  
  20  1:47  Supply Depot  
  20  1:52  Marine  
  21  2:00  Factory  
  21  2:09  Marine, Engineering Bay  
  21  2:13  Orbital Command  
  22  2:27  Marine  
  22  2:45  Marine  
  23  2:53  Widow Mine  
  23  2:54  Starport  
  25  3:03  Terran Infantry Weapons Level 1  
  25  3:05  SCV  
  26  3:07  Marine  
  27  3:14  Widow Mine  
  27  3:17  SCV  
  30  3:25  Marine  
  31  3:33  Command Center  
  31  3:40  Medivac  
  30  4:08  Barracks Tech Lab  
  30  4:32  Starport Tech Lab  
  30  4:34  Widow Mine  
  30  4:35  Marine  
  33  4:42  SCV  
  34  4:46  Planetary Fortress  
  34  4:53  Marine  
  34  4:54  SCV  
  34  4:55  Widow Mine  
  38  5:06  SCV  
  39  5:18  SCV  
  37  5:30  SCV  
  35  5:41  Marine  
  34  5:43  SCV  
  34  5:45  SCV  
  36  5:54  Hi-Sec Auto Tracking  
  36  5:55  SCV  
  37  5:57  SCV  
  37  5:59  Combat Shield, Marine  
  37  6:01  Armory  
  37  6:02  Medivac  
  41  6:07  SCV  
  41  6:09  Factory Tech Lab, SCV  
  43  6:17  Marine  
  44  6:19  SCV  
  44  6:21  SCV  
  46  6:31  SCV  
  47  6:34  SCV  
  47  6:35  Marine  
  47  6:37  Siege Tank  
  52  6:43  SCV  
  53  6:52  Marine  
  54  7:05  Supply Depot  
  54  7:10  Refinery  
  54  7:12  Refinery  
  54  7:22  Command Center  
  54  7:26  Marine  
  54  7:27  SCV x2, Supply Depot  
  54  7:28  Fusion Core  
  57  7:35  Supply Depot  
  57  7:39  SCV x2  
  59  7:44  Marine  
  59  7:45  Terran Ship Weapons Level 1  
  59  7:50  Terran Infantry Weapons Level 2  
  59  7:51  SCV x2  
  62  8:02  Siege Tank  
  62  8:03  SCV x2  
  67  8:15  SCV x2  
  69  8:25  Missile Turret  
  69  8:26  Missile Turret  
  69  8:27  SCV  
  69  8:30  Battlecruiser  
  76  8:34  Widow Mine  
  76  8:37  Supply Depot  
  78  8:46  Missile Turret  
  78  8:51  SCV  
  79  8:59  Missile Turret, Supply Depot  
  79  9:03  SCV  
  80  9:14  Weapon Refit  
  80  9:19  Marine  
  80  9:22  Supply Depot  
  80  9:24  Missile Turret  
  81  9:26  Planetary Fortress  
  81  9:34  Battlecruiser  
  81  9:37  Missile Turret, Marine  
  88  9:39  Terran Vehicle Weapons Level 1  
  88  9:47  Refinery  
  88  9:48  Missile Turret  
  88  9:50  SCV  
  89  9:55  Marine  
  89  9:56  Missile Turret  
  90  10:02  SCV  
  90  10:06  Supply Depot, Drilling Claws  
  91  10:08  Widow Mine  
  91  10:12  Missile Turret, Marine  
  95  10:14  SCV  
  95  10:18  Missile Turret  
  95  10:26  SCV  
  96  10:30  Marine, Widow Mine  
  99  10:37  Missile Turret  
  99  10:38  SCV  
  99  10:40  Missile Turret  
  99  10:41  Supply Depot  
  100  10:48  Marine  
  101  10:50  SCV  
  101  10:54  Rapid Reignition System  
  102  11:02  SCV, Refinery  
  102  11:03  Command Center  
  102  11:04  Missile Turret  
  103  11:06  Marine  
  104  11:14  SCV  
  105  11:24  Marine  
  106  11:27  SCV  
  107  11:33  Terran Vehicle And Ship Armor Level 1  
  107  11:39  SCV, Starport  
  108  11:42  Marine  
  109  11:51  Refinery  
  109  11:55  Battlecruiser  
  109  11:59  Marine  
  116  12:15  Missile Turret  
  116  12:17  Marine  
  116  12:21  Barracks  
  115  12:34  Missile Turret  
  115  12:35  Marine, Widow Mine  
  112  12:45  Planetary Fortress  
  112  12:53  Marine  
  112  12:54  Missile Turret  
  112  12:55  Command Center, Starport Tech Lab  
  112  12:56  Siege Tank  
  116  12:59  Battlecruiser  
  122  13:08  Barracks  
  122  13:11  Barracks Reactor  
  122  13:14  Missile Turret  
  122  13:15  Marine  
  122  13:18  Stimpack  
  123  13:20  Terran Infantry Weapons Level 3  
  123  13:27  Terran Ship Weapons Level 2  
  123  13:28  Siege Tank  
  123  13:33  Marine  
  127  13:35  Missile Turret  
  127  13:38  Refinery  
  127  13:39  Refinery  
  127  13:51  Marine  
  127  13:54  SCV  
  129  13:56  Missile Turret  
  129  13:57  Barracks  
  129  14:00  Siege Tank  
  132  14:06  SCV  
  132  14:07  SCV  
  132  14:08  Missile Turret  
  132  14:09  Marine  
  135  14:17  Missile Turret, Supply Depot  
  135  14:18  SCV  
  135  14:19  SCV, Supply Depot  
  137  14:26  Marine  
  137  14:28  Missile Turret  
  137  14:30  SCV  
  139  14:31  SCV  
  139  14:32  Siege Tank  
  139  14:37  Refinery  
  143  14:40  Supply Depot  
  143  14:42  SCV, Supply Depot  
  143  14:43  SCV  
  145  14:54  SCV  
  145  14:56  SCV  
  147  15:04  Supply Depot  
  147  15:07  SCV, Supply Depot  
  148  15:08  SCV  
  133  15:19  SCV  
  94  15:28  Missile Turret  
  78  15:29  Barracks Reactor x2  
  78  15:30  Marine x3  
  78  15:35  Viking  
  82  15:43  Missile Turret, Terran Vehicle Weapons Level 2  
  82  15:45  Missile Turret  
  82  15:48  Marine x3  
  78  15:57  Neosteel Armor  
  78  16:02  Missile Turret  
  78  16:05  Marine x2, Viking  
  78  16:06  Marine x5  
  78  16:07  Missile Turret  
  84  16:23  Marine x5  
  84  16:24  Marine x2  
  91  16:27  Missile Turret  
  88  16:35  Viking  
  88  16:36  Missile Turret  
  86  16:41  Marine x7  
  84  16:59  Marine x7  
  80  17:17  Marine  
  67  17:37  Terran Infantry Armor Level 1  
  67  17:40  Marine x4  
  67  17:41  Marine x3  
  74  17:46  Battlecruiser  
  74  17:50  Battlecruiser  
  86  17:53  Siege Tank  
  86  17:58  Marine x5  
  89  17:59  Marine x2  
  94  18:16  Marine x7  
  101  18:25  Siege Tank  
  92  18:34  Marine x7  
  80  18:41  Barracks  
  80  18:43  Barracks  
  80  18:44  Barracks  
  80  18:50  Battlecruiser  
  80  18:51  Marine  
  80  18:52  Marine  
  80  18:54  Battlecruiser  
  81  19:20  Marine  
  81  19:21  Marine x2  
  79  19:34  Missile Turret  
  68  19:38  Marine  
  68  19:44  Barracks Reactor x2  
  62  19:46  Barracks Reactor  
  62  19:55  Engineering Bay  
  62  19:58  Supply Depot  
  43  20:14  Command Center  
  43  20:22  Marine x6, Supply Depot x2  
  43  20:27  SCV  
  50  20:39  SCV, Marine  
  50  20:40  Marine x5  
  57  20:46  Supply Depot  
  57  20:47  Supply Depot  
  57  20:51  SCV  
  58  20:57  Marine x2  
  58  20:58  Marine x4  
  58  21:03  SCV  
  59  21:15  Marine x3  
  59  21:16  Marine x3  
  58  21:28  Missile Turret  
  58  21:33  Marine x5  
  58  21:34  Marine  
  58  21:48  Missile Turret  
  58  21:51  Marine x3  
  58  21:52  Marine x3  
  61  22:00  SCV  
  56  22:05  SCV  
  49  22:09  Marine x3  
  49  22:10  Missile Turret, Marine x2  
  49  22:12  SCV  
  55  22:17  SCV  
  55  22:22  Marine  
  49  22:24  SCV  
  49  22:26  Marine  
  49  22:27  Marine x2  
  49  22:29  SCV  
  53  22:35  Missile Turret  
  53  22:36  SCV  
  54  22:39  Marine  
  54  22:41  SCV  
  56  22:48  SCV  
  41  23:05  Marine x5  
  45  23:40  Missile Turret  
  44  23:42  Planetary Fortress  
  35  24:02  Missile Turret  
  35  24:08  Barracks  
Show
View Real Time Build Order
Export as new Build Order

Colde Terran - Winner!

Build Orders: Gas First Reaper Expand 

Get SALT Encoding   

  12  0:00  SCV  
  13  0:12  SCV  
  14  0:20  Supply Depot  
  14  0:25  SCV  
  15  0:30  Refinery  
  15  0:44  Barracks  
  15  0:46  SCV  
  16  0:58  SCV  
  17  1:10  SCV  
  18  1:22  SCV  
  19  1:31  Reaper  
  20  1:40  Command Center  
  20  1:48  Orbital Command  
  20  2:00  Factory  
  20  2:07  Barracks Tech Lab  
  20  2:11  Refinery  
  20  2:19  Supply Depot  
  20  2:26  SCV  
  20  2:28  Reaper  
  22  2:45  SCV  
  22  2:50  Stimpack  
  23  2:54  Orbital Command  
  23  3:02  Engineering Bay  
  23  3:03  Engineering Bay  
  23  3:05  SCV  
  24  3:17  SCV  
  25  3:23  SCV, Factory Reactor  
  25  3:26  Supply Depot  
  26  3:29  SCV  
  26  3:32  Marauder  
  29  3:37  SCV  
  29  3:41  SCV  
  31  3:49  SCV  
  31  3:53  Marauder  
  33  4:04  Hellion x2  
  37  4:11  SCV x2  
  37  4:15  Marauder  
  37  4:16  Refinery  
  41  4:18  Refinery  
  41  4:23  SCV x2  
  43  4:29  Starport  
  43  4:31  Missile Turret  
  43  4:34  Combat Shield  
  43  4:35  SCV x2  
  45  4:42  Barracks  
  45  4:43  Barracks  
  45  4:48  Barracks  
  45  4:50  Widow Mine  
  47  4:52  Missile Turret  
  47  4:54  Widow Mine  
  49  5:02  SCV x2  
  45  5:14  SCV  
  42  5:42  Starport Reactor  
  42  5:52  SCV x2  
  42  5:54  Terran Infantry Weapons Level 1, Terran Infantry Armor Level 1  
  46  5:57  Widow Mine x2  
  46  6:04  SCV x2  
  49  6:28  SCV  
  49  6:29  SCV  
  51  6:40  SCV  
  50  6:52  Missile Turret  
  50  7:06  Barracks Reactor x2  
  50  7:09  Siege Tank  
  50  7:11  Marine  
  50  7:12  Missile Turret  
  54  7:23  Supply Depot  
  54  7:25  Supply Depot  
  54  7:41  Supply Depot  
  54  7:44  SCV x2, Liberator, Siege Tank  
  54  7:47  Liberator, Marine x2, Barracks  
  54  7:49  Barracks  
  67  7:54  Barracks  
  67  7:56  SCV x2  
  69  8:04  Marine x2  
  69  8:05  Barracks  
  71  8:08  SCV  
  71  8:10  Supply Depot  
  72  8:15  Supply Depot  
  72  8:16  Siege Tank  
  75  8:22  Marine x2  
  77  8:31  Liberator x2  
  83  8:38  Marine x3  
  83  8:39  Marine  
  83  8:40  Marine x2  
  89  8:43  Barracks Reactor x2  
  89  8:44  Barracks Reactor  
  89  8:48  Siege Tank  
  92  9:04  Command Center  
  92  9:15  Refinery  
  92  9:28  Medivac  
  92  9:30  Barracks Reactor  
  94  9:34  Supply Depot  
  94  9:35  Supply Depot  
  94  9:41  Armory  
  94  9:45  Fusion Core  
  94  9:55  SCV x2, Medivac, Marine x4, Supply Depot  
  94  9:56  Marine x5  
  94  9:57  Siege Tank  
  94  9:59  Missile Turret  
  110  10:16  SCV x2, Medivac, Marine x2  
  110  10:19  Missile Turret  
  117  10:21  Marine x2  
  117  10:22  Marine x3  
  117  10:23  Refinery  
  117  10:25  Medivac  
  123  10:29  Siege Tank  
  126  10:46  Medivac  
  128  10:54  Marine x5  
  133  11:03  Planetary Fortress  
  133  11:32  Terran Infantry Weapons Level 2, Terran Infantry Armor Level 2  
  133  11:35  Advanced Ballistics  
  133  11:38  Terran Vehicle Weapons Level 1  
  133  11:53  Factory  
  133  11:58  Supply Depot  
  133  12:02  Supply Depot  
  133  12:04  Supply Depot  
  133  12:07  Supply Depot  
  133  12:18  SCV, Marine  
  133  12:19  Marine x4  
  133  12:20  SCV x2  
  133  12:22  Marine  
  141  12:23  Marine x5  
  141  12:24  Marine  
  141  12:25  Marine  
  141  12:26  Marine, Siege Tank  
  151  12:30  SCV  
  151  12:31  Viking  
  151  12:32  SCV x2, Viking  
  151  12:36  Marine  
  152  12:37  Marine x4  
  152  12:38  Factory Tech Lab  
  152  12:40  Marine  
  152  12:41  Marine  
  152  12:42  Marine  
  160  12:44  SCV x2  
  161  12:54  Missile Turret  
  161  12:57  SCV x3  
  164  13:09  SCV  
  165  13:15  Missile Turret  
  165  13:22  Barracks Reactor  
  165  13:36  Missile Turret  
  165  13:51  Terran Infantry Weapons Level 3, Terran Infantry Armor Level 3  
  165  13:53  Terran Vehicle And Ship Armor Level 1  
  165  13:54  Weapon Refit  
  165  13:55  Smart Servos  
  165  14:33  Supply Depot  
  165  14:34  Supply Depot  
  165  14:38  Supply Depot  
  165  14:40  Supply Depot  
  165  14:41  Supply Depot x2  
  165  14:43  Supply Depot  
  165  14:55  Marine x9, Siege Tank  
  165  14:56  Viking x2  
  181  15:00  Marine x2, Siege Tank  
  160  15:26  Viking x2  
  160  15:27  Siege Tank  
  160  15:32  Siege Tank  
  161  15:42  Marine x7  
  159  15:43  Marine x7  
  168  15:55  Viking x2  
  153  15:59  Siege Tank  
  153  16:00  Marine x12  
  158  16:04  Widow Mine  
  146  16:25  Viking x2  
  146  16:27  Marine  
  146  16:28  Marine x13  
  146  16:30  Siege Tank  
  146  16:31  Siege Tank  
  164  16:45  Marine x2  
  164  16:46  Marine x12  
  158  16:55  Viking x2  
  162  17:02  Siege Tank  
  162  17:03  Marine x5, Siege Tank  
  162  17:28  Marine x13  
  162  17:29  Marine  
  167  17:34  Siege Tank  
  167  17:35  Siege Tank  
  170  17:39  Medivac  
  170  17:40  Medivac  
  174  17:45  Marine  
  174  17:46  Marine x5  
  172  18:06  Siege Tank  
  172  18:08  Siege Tank  
  172  18:09  Medivac  
  172  18:10  Medivac  
  156  18:55  Siege Tank  
  156  18:56  Siege Tank  
  156  18:57  Marine x8  
  161  19:28  Siege Tank x2  
  142  20:00  Siege Tank x2  
  127  20:32  Marine, Siege Tank x2  
  127  20:33  Marine x5  
  147  20:39  Liberator  
  147  20:40  Liberator  
  147  20:42  Marine x2  
  141  21:04  Siege Tank x2  
  138  21:22  Liberator  
  138  21:23  Liberator  
  140  21:33  Marine x7  
  140  21:36  Siege Tank x2  
  144  22:11  Medivac x2  
  126  22:41  Medivac x2  
  125  23:11  Liberator x2  
  125  23:12  Siege Tank  
  134  23:13  Siege Tank  
  124  23:44  Siege Tank  
Tags
 
Add a new tag
Caveats
  • Supply blocks, unpowered buildings, or Contaminate may cause inaccurate times.
  • Supply counts are checked every 10 seconds.